Map: Jagannatha LE

Players

Nina - Winner!

  • Race: Protoss Protoss

DisK

  • Race: Protoss Protoss

Event: DreamHack SC2 Masters 2021 Fall

VOD

Have the link to the VOD?

Description

Time

  • Played on: Aug. 4, 2021, 6:11 p.m.
  • Length: 16:48

All games in this series

Show
View Real Time Build Order
Export as new Build Order

Nina Protoss - Winner!

Build Orders: Phoenix Opening 

Get SALT Encoding   

  12  0:00  Probe  
  13  0:12  Probe  
  14  0:17  Pylon  
  14  0:24  Probe (Chrono Boost)  
  15  0:36  Probe (Chrono Boost)  
  15  0:37  Gateway  
  16  0:45  Probe (Chrono Boost)  
  16  0:48  Assimilator  
  17  0:51  Probe  
  17  0:54  Assimilator  
  18  1:03  Probe (Chrono Boost)  
  19  1:07  Gateway  
  19  1:13  Probe (Chrono Boost)  
  19  1:18  Probe (Chrono Boost)  
  20  1:24  Cybernetics Core  
  21  1:29  Probe  
  22  1:35  Pylon  
  22  1:41  Probe  
  23  1:53  Probe  
  24  2:01  Stalker x2  
  24  2:04  Warp Gate  
  24  2:05  Probe  
  29  2:14  Pylon  
  29  2:17  Probe  
  31  2:30  Probe  
  31  2:33  Stalker x2  
  35  2:42  Probe  
  35  3:01  Nexus  
  35  3:04  Probe  
  36  3:07  Sentry  
  38  3:13  Pylon  
  38  3:16  Probe  
  39  3:31  Probe (Chrono Boost)  
  42  3:35  Twilight Council  
  42  3:40  Forge  
  40  3:43  Probe (Chrono Boost)  
  40  3:44  Phoenix  
  41  3:52  Sentry, Probe (Chrono Boost)  
  41  3:53  Stalker  
  46  3:58  Shield Battery, Probe  
  47  4:13  Blink (Chrono Boost), Probe (Chrono Boost)  
  47  4:14  Probe (Chrono Boost)  
  49  4:21  Protoss Ground Weapons Level 1  
  51  4:25  Probe (Chrono Boost)  
  51  4:26  Probe (Chrono Boost)  
  51  4:30  Probe (Chrono Boost)  
  51  4:31  Probe (Chrono Boost)  
  51  4:33  Pylon  
  53  4:39  Probe  
  53  4:42  Probe  
  55  4:49  Nexus  
  55  4:51  Probe  
  56  4:57  Assimilator, Stalker  
  58  5:00  Stalker  
  58  5:02  Probe  
  61  5:08  Robotics Facility  
  61  5:10  Probe  
  62  5:18  Gateway  
  62  5:21  Gateway  
  62  5:22  Stalker  
  62  5:26  Stalker  
  62  5:28  Probe  
  67  5:30  Probe  
  68  5:38  Pylon  
  68  5:40  Probe  
  69  5:43  Probe  
  69  5:44  Gateway  
  70  5:51  Gateway  
  70  5:55  Gateway  
  70  5:56  Probe x2  
  72  5:59  Observer  
  72  6:01  Probe  
  72  6:03  Stalker  
  72  6:04  Stalker  
  78  6:09  Charge, Probe  
  79  6:12  Gateway  
  79  6:15  Pylon  
  79  6:17  Probe x2  
  81  6:21  Probe  
  81  6:22  Protoss Ground Weapons Level 2 (Chrono Boost)  
  82  6:26  Stalker  
  82  6:27  Stalker  
  82  6:29  Probe  
  82  6:30  Observer  
  89  6:33  Probe  
  89  6:40  Probe  
  89  6:41  Probe  
  89  6:44  Pylon  
  89  6:46  Zealot x3  
  97  6:47  Probe  
  97  6:52  Pylon, Warp Prism (Chrono Boost)  
  98  6:59  Pylon, Probe  
  101  7:02  Probe  
  101  7:04  Zealot x2  
  106  7:12  Zealot x3  
  112  7:17  Assimilator, Zealot  
  112  7:18  Zealot  
  112  7:20  Assimilator  
  116  7:23  Templar Archives  
  116  7:29  Probe  
  117  7:33  Pylon  
  117  7:35  Pylon  
  117  7:36  Zealot  
  119  7:37  Pylon  
  119  7:38  Zealot x3  
  125  7:51  Probe x2  
  125  7:54  Probe  
  125  7:55  Robotics Bay  
  125  7:57  Shield Battery  
  128  7:59  High Templar x2  
  128  8:00  Assimilator, Zealot x3  
  128  8:04  Archon  
  140  8:08  Photon Cannon  
  140  8:12  Photon Cannon  
  138  8:14  High Templar x2  
  138  8:15  Zealot  
  138  8:19  Gateway  
  144  8:20  Gateway, Archon  
  144  8:22  Zealot x2  
  144  8:25  Pylon  
  144  8:27  Pylon  
  148  8:31  Pylon  
  148  8:36  Robotics Facility  
  148  8:42  Disruptor (Chrono Boost)  
  148  8:44  High Templar  
  148  8:45  Observer, High Templar  
  148  8:46  Zealot x4  
  163  8:49  Archon  
  163  8:54  Photon Cannon  
  163  8:55  Zealot  
  165  8:57  Zealot  
  165  9:00  Shield Battery  
  167  9:08  Zealot x3  
  173  9:10  Pylon  
  173  9:11  Pylon  
  173  9:23  Phoenix  
  172  9:35  Probe  
  172  9:36  Probe x2  
  172  9:38  Disruptor  
  167  9:43  Protoss Ground Weapons Level 3  
  167  9:47  Probe  
  167  9:48  Probe  
  167  9:49  Robotics Facility, Probe  
  167  9:51  Nexus, Stalker x3  
  167  9:52  Observer  
  176  9:59  Photon Cannon, Probe  
  177  10:00  Pylon  
  177  10:07  Probe  
  177  10:08  Probe  
  182  10:24  Disruptor (Chrono Boost)  
  182  10:27  Probe  
  183  10:30  Stalker x2  
  183  10:31  Stalker x4  
  183  10:35  Probe  
  195  10:41  Observer (Chrono Boost)  
  196  10:47  Pylon  
  196  10:48  Pylon  
  196  10:49  Photon Cannon  
  196  11:03  Disruptor  
  175  11:06  Zealot x7  
  175  11:11  Zealot x2, Probe  
  183  11:16  Zealot  
  171  11:21  Pylon  
  171  11:32  Stalker x4  
  173  11:33  Probe  
  173  11:39  Probe x2  
  178  11:42  Probe  
  178  11:45  Probe  
  178  11:51  Probe x2  
  168  11:54  Probe  
  168  11:55  Stalker  
  168  11:56  Stalker x2  
  153  12:06  Disruptor  
  156  12:12  Stalker x4  
  156  12:16  Disruptor  
  156  12:20  High Templar x4  
  167  12:25  Archon x2  
  167  12:35  Stalker x2  
  167  12:36  Stalker x2  
  159  12:42  Disruptor  
  147  12:52  Disruptor  
  147  12:55  Zealot x6  
  162  13:00  Zealot x3  
  162  13:02  Probe  
  162  13:04  Probe  
  169  13:18  Disruptor, Stalker x2  
  169  13:19  Stalker x4  
  184  13:25  Protoss Shields Level 1, Dark Shrine  
  184  13:27  Observer  
  184  13:31  Zealot x2  
  182  13:36  Zealot x2  
  182  13:45  Disruptor  
  165  13:50  Zealot x4  
  165  13:54  Observer  
  162  14:15  Disruptor  
  161  14:18  Zealot x4  
  161  14:19  Zealot x5  
  161  14:20  Disruptor  
  182  14:28  Photon Cannon  
  182  14:31  Pylon  
  176  14:43  Dark Templar x5  
  186  14:48  Shadow Stride  
  186  14:50  Disruptor  
  183  14:55  Probe  
  183  14:56  Disruptor, Probe  
  185  15:02  Photon Cannon  
  185  15:05  Photon Cannon  
  185  15:07  Photon Cannon  
  185  15:26  Disruptor  
  188  15:38  Stalker x6  
  196  15:52  Dark Templar x2  
  200  15:58  Nexus  
  162  16:30  Zealot x5  
  162  16:31  Zealot x3  
Show
View Real Time Build Order
Export as new Build Order

DisK Protoss 

Build Orders: Phoenix Opening, Blink Stalkers 

Get SALT Encoding   

  12  0:00  Probe  
  13  0:12  Probe  
  14  0:17  Pylon  
  14  0:24  Probe (Chrono Boost)  
  15  0:35  Gateway  
  15  0:37  Probe (Chrono Boost)  
  16  0:45  Probe (Chrono Boost)  
  16  0:46  Assimilator  
  17  0:51  Probe (Chrono Boost)  
  17  0:55  Assimilator  
  18  1:04  Probe (Chrono Boost)  
  19  1:10  Gateway  
  19  1:13  Probe (Chrono Boost)  
  20  1:18  Probe  
  21  1:25  Cybernetics Core  
  21  1:31  Probe  
  22  1:36  Pylon  
  22  1:43  Probe  
  23  1:55  Probe  
  23  2:00  Warp Gate (Chrono Boost)  
  24  2:02  Stalker  
  24  2:05  Stalker  
  28  2:09  Probe  
  28  2:12  Pylon  
  29  2:21  Probe  
  29  2:22  Pylon  
  30  2:36  Sentry x2  
  34  2:50  Nexus  
  34  2:56  Shield Battery  
  34  2:58  Probe  
  35  3:06  Pylon  
  35  3:10  Probe  
  35  3:17  Phoenix  
  35  3:18  Twilight Council  
  35  3:21  Sentry  
  35  3:23  Probe (Chrono Boost)  
  38  3:33  Probe (Chrono Boost)  
  39  3:38  Forge  
  39  3:44  Probe  
  40  3:52  Blink (Chrono Boost)  
  40  3:55  Phoenix  
  40  3:59  Probe (Chrono Boost)  
  40  4:02  Probe (Chrono Boost)  
  42  4:08  Protoss Ground Weapons Level 1 (Chrono Boost)  
  43  4:12  Probe (Chrono Boost)  
  43  4:13  Phoenix, Probe (Chrono Boost)  
  44  4:17  Probe (Chrono Boost)  
  44  4:19  Stalker  
  44  4:21  Probe  
  44  4:23  Stalker  
  50  4:28  Probe  
  51  4:33  Probe  
  52  4:41  Nexus  
  52  4:45  Pylon  
  52  4:46  Probe  
  53  4:54  Robotics Facility  
  53  4:57  Probe  
  53  4:58  Probe  
  55  5:01  Assimilator  
  55  5:09  Gateway, Probe  
  55  5:10  Gateway  
  56  5:16  Stalker  
  56  5:19  Pylon, Probe  
  59  5:23  Shield Battery  
  59  5:24  Probe  
  60  5:31  Probe  
  60  5:33  Gateway  
  61  5:36  Gateway, Probe  
  62  5:43  Probe  
  62  5:48  Stalker x2  
  67  5:51  Observer  
  67  5:54  Probe x2  
  70  5:57  Phoenix  
  70  5:58  Charge  
  70  5:59  Gateway  
  70  6:03  Gateway  
  70  6:10  Probe x2  
  72  6:13  Probe  
  72  6:14  Protoss Ground Weapons Level 2 (Chrono Boost)  
  72  6:15  Observer  
  74  6:21  Zealot x2  
  74  6:22  Probe  
  79  6:27  Templar Archives  
  79  6:28  Probe x2  
  81  6:34  Pylon, Zealot x2  
  85  6:40  Zealot x2  
  85  6:43  Warp Prism (Chrono Boost)  
  91  6:52  Probe  
  91  6:53  Probe x2  
  94  6:56  Assimilator  
  94  6:57  Pylon  
  94  6:58  Pylon  
  94  7:02  Zealot x2  
  94  7:05  Stalker  
  100  7:12  Pylon  
  100  7:13  Observer  
  100  7:21  Stalker x4  
  108  7:23  Zealot x2  
  108  7:25  Stalker  
  116  7:39  Zealot  
  116  7:42  Pylon x2  
  115  7:46  Zealot x5  
  125  7:55  Pylon  
  125  8:01  High Templar x2  
  125  8:02  Zealot  
  131  8:06  Gateway  
  131  8:07  Gateway, Archon  
  131  8:09  Zealot x5  
  141  8:19  Pylon  
  141  8:31  Zealot  
  141  8:32  Zealot x3  
  141  8:34  Nexus  
  149  8:39  Archon  
  149  8:43  Zealot x4  
  157  8:57  Protoss Ground Weapons Level 3 (Chrono Boost)  
  157  8:58  Shield Battery  
  157  9:00  Robotics Bay  
  157  9:03  Pylon x2  
  157  9:04  Pylon  
  157  9:09  Assimilator  
  157  9:21  High Templar x2, Probe x3  
  157  9:22  High Templar x2, Zealot x4  
  176  9:26  Pylon  
  176  9:27  Archon x2  
  172  9:42  High Templar  
  172  9:43  High Templar, Zealot x4  
  172  9:45  Probe x3  
  181  9:48  Photon Cannon, Probe  
  181  9:50  Archon  
  182  9:52  Disruptor (Chrono Boost)  
  185  10:05  Zealot x5  
  195  10:07  Zealot x2  
  195  10:11  Probe  
  200  10:26  Robotics Facility  
  200  10:28  Assimilator  
  200  10:32  Dark Shrine  
  200  10:33  Photon Cannon x2  
  200  10:42  Probe x2  
  156  11:11  Zealot x2  
  156  11:12  Zealot x6  
  156  11:13  Zealot x2  
  156  11:16  Disruptor x2 (Chrono Boost)  
  120  11:32  Stalker x4  
  124  11:33  Zealot x6  
  126  11:41  Assimilator  
  126  11:43  Assimilator  
  104  12:00  Stalker x5  
  104  12:01  Stalker x5  
  113  12:02  Disruptor (Chrono Boost)  
  113  12:08  Disruptor (Chrono Boost)  
  103  12:24  Stalker x6  
  115  12:30  Nexus  
  115  12:34  Observer  
  112  12:40  Zealot x4  
  112  12:41  Disruptor (Chrono Boost)  
  112  12:57  Zealot x2  
  116  12:59  Stalker x4  
  116  13:00  Probe x3  
  116  13:01  Disruptor (Chrono Boost)  
  116  13:03  Observer  
  131  13:12  Probe  
  131  13:26  Stalker x4  
  131  13:27  Stalker  
  139  13:45  Stalker x2  
  139  13:46  Stalker x3  
  125  14:04  Dark Templar x2  
  125  14:05  Dark Templar  
  125  14:07  Observer  
  131  14:19  Stalker x2  
  131  14:20  Stalker x3  
  131  14:21  Disruptor (Chrono Boost)  
  142  14:50  Stalker x5  
  142  14:51  Stalker x2  
  156  14:59  Disruptor (Chrono Boost)  
  150  15:00  Disruptor (Chrono Boost)  
  154  15:21  Nexus  
  154  15:25  Pylon  
  145  15:34  Probe  
  145  15:35  Probe x2  
  131  15:41  Observer  
  131  15:42  Observer  
  131  15:51  Probe x3  
  134  16:03  Probe  
  118  16:13  Zealot x2  
  118  16:14  Zealot x7  

Tags
 
Add a new tag
Caveats
  • Supply blocks, unpowered buildings, or Contaminate may cause inaccurate times.
  • Supply counts are checked every 10 seconds.